[Event "Shanghai COITCT 2019"]
[Site "Shanghai"]
[Date "2019.09.17"]
[Round "8.6"]
[White "Zarubitski, Viachaslau"]
[Black "Mu, Ke"]
[Result "1/2-1/2"]
[ECO "C18"]
[WhiteElo "2435"]
[BlackElo "2414"]
[Annotator "NA"]
[PlyCount "132"]
[EventDate "2019.09.15"]
[EventType "team-tourn"]
[EventCountry "CHN"]
[SourceTitle "playchess.com"]
[Source "ChessBase"]
[SourceQuality "1"]
[TimeControl "1500+10"]

1. e4 e6 2. d4 d5 3. Nc3 Bb4 4. e5 c5 5. a3 Bxc3+ 6. bxc3 Ne7 7. Qg4 O-O 8. Bd3 f5 9. exf6 Rxf6 10. Bg5 Rf7 11. Qh5 g6 12. Qd1 Nbc6 13. Nf3 Qa5 14. Bd2 c4 15. Be2 Nf5 16. h4 Bd7 17. h5 e5 18. hxg6 hxg6 19. Nxe5 Nxe5 20. dxe5 Re8 21. Bf3 Rxe5+ 22. Kf1 Bc6 23. Bf4 Re6 24. Rh3 Ng7 25. Qd2 a6 26. Be3 d4 27. Qxd4 Bxf3 28. Rxf3 Rxf3 29. gxf3 Qf5 30. Kg2 Qxc2 31. Qxc4 b5 32. Qc8+ Re8 33. Qc5 Qf5 34. Qd4 Ne6 35. Qh4 Rf8 36. Qg3 Ng7 37. Rd1 Nh5 38. Qg4 Nf4+ 39. Bxf4 Qxg4+ 40. fxg4 Rxf4 41. Kg3 Ra4 42. Rd6 Kg7 43. Kh4 Kh6 44. Rc6 Rxa3 45. g5+ Kg7 46. Rc7+ Kf8 47. f4 Ra4 48. Kg4 Rc4 49. Ra7 Rxc3 50. Rxa6 Kg7 51. Ra7+ Kg8 52. Ra8+ Kg7 53. Ra7+ Kg8 54. Rb7 Rc5 55. Kf3 Rf5 56. Ke4 Kf8 57. Ra7 Kg8 58. Ra8+ Kg7 59. Ra7+ Kg8 60. Ra6 Kg7 61. Rb6 Kf7 62. Rb7+ Kf8 63. Ke3 Kg8 64. Rb8+ Kg7 65. Rb7+ Kg8 66. Rc7 Kf8 1/2-1/2

[Event "Shanghai COITCT 2019"]
[Site "Shanghai"]
[Date "2019.09.17"]
[Round "8.8"]
[White "Kobalia, Mikhail"]
[Black "Darini, Pouria"]
[Result "0-1"]
[ECO "B30"]
[WhiteElo "2608"]
[BlackElo "2428"]
[Annotator "RC"]
[PlyCount "94"]
[EventDate "2019.09.15"]
[EventType "team-tourn"]
[EventCountry "CHN"]
[SourceTitle "playchess.com"]
[Source "ChessBase"]
[SourceQuality "1"]
[TimeControl "1500+10"]

1. e4 c5 2. Nf3 Nc6 3. Bb5 e6 4. O-O Nge7 5. d4 cxd4 6. Nxd4 Qb6 7. Nxc6 bxc6 8. Bd3 Ng6 9. c4 Bc5 10. Nc3 Qc7 11. Kh1 e5 12. Rb1 Rb8 13. a3 a5 14. Bd2 O-O 15. Na4 Bd4 16. c5 d5 17. cxd6 Qxd6 18. Bc4 Nh4 19. g3 Ng6 20. Qe2 Kh8 21. Bxa5 f5 22. Rbd1 c5 23. Nc3 fxe4 24. Nxe4 Qc6 25. b4 Bh3 26. b5 Qb7 27. f3 Ra8 28. Bd2 Rxa3 29. Ng5 Bxf1 30. Rxf1 h6 31. Ne4 Ne7 32. Nd6 Qa8 33. Nf7+ Kh7 34. Bc1 Rc3 35. Bd2 Rxc4 36. Qxc4 e4 37. b6 Qc6 38. h4 exf3 39. Kh2 Qxb6 40. Rxf3 Qb2 41. Qe2 Kg8 42. Qxe7 Qxd2+ 43. Kh3 Bf6 44. Rxf6 gxf6 45. Nd6 Qd5 46. Qd7 h5 47. Kh2 Ra8 0-1

[Event "Shanghai COITCT 2019"]
[Site "Shanghai"]
[Date "2019.09.17"]
[Round "8.10"]
[White "Venkatesh, M.R."]
[Black "Lodhi, Mahmood"]
[Result "1/2-1/2"]
[ECO "C77"]
[WhiteElo "2481"]
[BlackElo "2349"]
[Annotator "ChessBase"]
[PlyCount "72"]
[EventDate "2019.09.15"]
[EventType "team-tourn"]
[EventCountry "CHN"]
[SourceTitle "playchess.com"]
[Source "ChessBase"]
[SourceQuality "1"]
[TimeControl "1500+10"]

1. e4 e5 2. Nf3 Nc6 3. Bb5 a6 4. Ba4 Nf6 5. d3 d6 6. c3 Be7 7. Nbd2 O-O 8. O-O b5 9. Bc2 Bb7 10. a4 d5 11. Qe2 dxe4 12. dxe4 Bd6 13. Bd3 Na7 14. b4 c6 15. Nb3 Nc8 16. Bg5 h6 17. Bh4 Nb6 18. Na5 Rb8 19. axb5 axb5 20. Bg3 Qc7 21. Nxb7 Rxb7 22. Rfc1 Nh5 23. Nh4 Nxg3 24. hxg3 g6 25. Ra6 Ra7 26. Rxa7 Qxa7 27. Qd2 Kg7 28. Nf3 Rd8 29. Bf1 Qa3 30. Rc2 Bc7 31. Qe3 Rd1 32. Nd2 Qa1 33. Qe2 Re1 34. Qd3 Rd1 35. Qe2 Re1 36. Qd3 Rd1 1/2-1/2

[Event "Shanghai COITCT 2019"]
[Site "Shanghai"]
[Date "2019.09.17"]
[Round "8.11"]
[White "Khan, Mohd. Omer"]
[Black "Krishna C R G"]
[Result "0-1"]
[ECO "A54"]
[WhiteElo "2273"]
[BlackElo "2446"]
[Annotator "NA"]
[PlyCount "47"]
[EventDate "2019.09.15"]
[EventType "team-tourn"]
[EventCountry "CHN"]
[SourceTitle "playchess.com"]
[Source "ChessBase"]
[SourceQuality "1"]
[TimeControl "1500+10"]

1. d4 Nf6 2. Nf3 d6 3. c4 Nbd7 4. Nc3 e5 5. dxe5 dxe5 6. Bg5 Be7 7. e4 O-O 8. Be2 c6 9. O-O Qc7 10. h3 Nc5 11. Qc2 a5 12. a3 Nh5 13. Be3 f5 14. b4 Nxe4 15. Nxe4 fxe4 16. Qxe4 Nf4 17. Bd2 Bf5 18. Qe3 Rad8 19. Bc3 Nxe2+ 20. Qxe2 Bd3 21. Qa2 Bxf1 22. Rxf1 e4 23. Ne5 Bf6 24. Ng4 0-1

[Event "Shanghai COITCT 2019"]
[Site "Shanghai"]
[Date "2019.09.17"]
[Round "8.12"]
[White "Kulkarni Bhakti"]
[Black "Waqar, Ahmad Madni"]
[Result "1-0"]
[ECO "E14"]
[WhiteElo "2429"]
[BlackElo "1979"]
[Annotator "NA"]
[PlyCount "135"]
[EventDate "2019.09.15"]
[EventType "team-tourn"]
[EventCountry "CHN"]
[SourceTitle "playchess.com"]
[Source "ChessBase"]
[SourceQuality "1"]
[TimeControl "1500+10"]

1. d4 Nf6 2. Nf3 e6 3. e3 b6 4. Bd3 Bb7 5. O-O Be7 6. c4 d5 7. Nc3 O-O 8. Qc2 h6 9. b3 Nbd7 10. Bb2 Rc8 11. e4 dxe4 12. Nxe4 Nxe4 13. Bxe4 Bxe4 14. Qxe4 Nf6 15. Qe2 c5 16. Rfd1 cxd4 17. Nxd4 Qc7 18. Nb5 Qb7 19. Nd6 Bxd6 20. Rxd6 Rfd8 {[%emt 0:01:47] Nd6 Bxd6 Rxd6 Rfd8} 21. Rad1 Rxd6 22. Rxd6 Qe4 23. Qd1 Rc5 24. Bd4 Ra5 25. a4 Rg5 26. f3 Qg6 27. Rd8+ Kh7 28. Qf1 Qc2 29. Bxf6 gxf6 30. Qd3+ Qxd3 31. Rxd3 Kg6 32. b4 a5 33. Rd6 axb4 34. Rxb6 Ra5 35. Rxb4 f5 36. f4 Kf6 37. Kf2 Ke7 38. Ke3 Kd6 39. Kd4 f6 40. Kc3 e5 41. Rb6+ Kc5 42. Rb5+ Rxb5 43. axb5 e4 44. g3 h5 45. Kb3 Kb6 46. Kb4 Kb7 47. c5 Kc7 48. Kc4 Kb7 49. c6+ Kc8 50. b6 Kb8 51. c7+ Kc8 52. Kd4 Kd7 53. Kc3 Kc8 54. Kb3 Kd7 55. Kb4 Kc8 56. Kc5 Kd7 57. Kb5 e3 58. Ka6 e2 59. Kb7 e1=Q 60. c8=Q+ Ke7 61. Qxf5 Qh1+ 62. Kc7 Qc1+ 63. Kb8 Qd1 64. Qc5+ Kd7 65. b7 Ke8 66. Kc7 Qd7+ 67. Kb6 Qd8+ 68. Ka7 1-0

[Event "Shanghai COITCT 2019"]
[Site "Shanghai"]
[Date "2019.09.17"]
[Round "8.13"]
[White "Nigmatov, Ortik"]
[Black "Xu, Yinglun"]
[Result "0-1"]
[ECO "C11"]
[WhiteElo "2482"]
[BlackElo "2565"]
[Annotator "ChessBase"]
[PlyCount "53"]
[EventDate "2019.09.15"]
[EventType "team-tourn"]
[EventCountry "CHN"]
[SourceTitle "playchess.com"]
[Source "ChessBase"]
[SourceQuality "1"]
[TimeControl "1500+10"]

1. e4 e6 2. d4 d5 3. Nc3 Nf6 4. e5 Nfd7 5. Nce2 c5 6. c3 cxd4 7. cxd4 f6 8. exf6 Nxf6 9. Nf3 Nc6 10. Nc3 Bd6 11. Bb5 Bd7 12. O-O O-O 13. Re1 Qc7 14. Bg5 Rae8 15. Bh4 a6 16. Bd3 Kh8 17. Rc1 Bf4 18. Bg3 Nh5 19. Bxf4 Qxf4 20. Re3 Nxd4 21. Ne2 Nxf3+ 22. Rxf3 Qg5 23. Rxf8+ Rxf8 24. Rc7 Bc6 25. Nd4 Nf4 26. Qf3 Qe5 27. Qd1 0-1

[Event "Shanghai COITCT 2019"]
[Site "Shanghai"]
[Date "2019.09.17"]
[Round "8.14"]
[White "Bai, Jinshi"]
[Black "Kurbonboeva, Sarvinoz"]
[Result "1-0"]
[ECO "D61"]
[WhiteElo "2591"]
[BlackElo "2262"]
[Annotator "ChessBase"]
[PlyCount "111"]
[EventDate "2019.09.15"]
[EventType "team-tourn"]
[EventCountry "CHN"]
[SourceTitle "playchess.com"]
[Source "ChessBase"]
[SourceQuality "1"]
[TimeControl "1500+10"]

1. Nf3 d5 2. d4 Nf6 3. c4 c6 4. Nc3 e6 5. Bg5 Be7 6. e3 Nbd7 7. Qc2 O-O 8. Rd1 b6 9. Be2 Bb7 10. O-O Rc8 11. Qb1 c5 12. dxc5 Nxc5 13. Ne5 Nfe4 14. Nxe4 Nxe4 15. Bf4 Qe8 16. cxd5 Bxd5 17. f3 Nf6 18. e4 Bc5+ 19. Kh1 Bb7 20. Nc4 Qe7 21. b4 Nh5 22. Be5 Bxb4 23. Nd6 Bxd6 24. Bxd6 Qh4 25. g3 Qg5 26. Bxf8 Nxg3+ 27. hxg3 Qxg3 28. Bd6 e5 29. Bxe5 Qxe5 30. Qb5 Qg3 31. Qh5 g6 32. Qg4 Qe5 33. Rf2 Rc5 34. Rh2 h5 35. Qh4 Rc2 36. Qd8+ Kh7 37. Qd6 Qb2 38. Qd7 Kg7 39. Qd4+ Qxd4 40. Rxd4 Rxa2 41. Rd7 Ra1+ 42. Kg2 Bc8 43. Rc7 Be6 44. Rh1 Ra2 45. Kf2 b5 46. Ke3 b4 47. Rhc1 b3 48. Bc4 Bxc4 49. R1xc4 a5 50. Rb7 a4 51. e5 b2 52. Kf4 a3 53. e6 Ra1 54. e7 Re1 55. Re4 g5+ 56. Kf5 1-0

[Event "Shanghai COITCT 2019"]
[Site "Shanghai"]
[Date "2019.09.17"]
[Round "8.15"]
[White "Baymuratova, Sevara"]
[Black "Wen, Yang"]
[Result "0-1"]
[ECO "A42"]
[WhiteElo "2126"]
[BlackElo "2586"]
[Annotator "ChessBase"]
[PlyCount "102"]
[EventDate "2019.09.15"]
[EventType "team-tourn"]
[EventCountry "CHN"]
[SourceTitle "playchess.com"]
[Source "ChessBase"]
[SourceQuality "1"]
[TimeControl "1500+10"]

1. d4 d6 2. Nf3 g6 3. c4 Bg7 4. g3 e5 5. Nc3 Nd7 6. Bg2 Ne7 7. O-O O-O 8. e4 exd4 9. Nxd4 Nc6 10. Nde2 a5 11. Be3 Nde5 12. b3 a4 13. h3 axb3 14. axb3 Rxa1 15. Qxa1 f5 16. f4 Nd3 17. Qd1 Ncb4 18. Bd4 Bxd4+ 19. Nxd4 c6 20. Kh2 Qf6 21. Nde2 Nc5 22. Qd2 Re8 23. Rd1 Nbd3 24. b4 Nxb4 25. Qxd6 Qxd6 26. Rxd6 fxe4 27. g4 e3 28. Nd4 Kf7 29. g5 Ke7 30. Rf6 Rd8 31. Nce2 Ne6 32. Nf3 Ng7 33. Ne5 Be6 34. Bf3 Ne8 35. Nxg6+ hxg6 36. Rxg6 Rd2 37. Kg3 Nd6 38. Rg7+ Kf8 39. Rh7 Bg8 40. Rc7 Na6 41. Rd7 Nf5+ 42. Kg4 Nh6+ 43. gxh6 Rxd7 44. f5 Bxc4 45. Nf4 Rd4 46. Kg5 Rxf4 47. Kxf4 e2 48. Bxe2 Bxe2 49. Ke5 Kg8 50. Ke6 Bc4+ 51. Ke7 b5 0-1

[Event "Shanghai COITCT 2019"]
[Site "Shanghai"]
[Date "2019.09.18"]
[Round "9.3"]
[White "Wen, Yang"]
[Black "Antonova, Nadezhda"]
[Result "1-0"]
[ECO "A45"]
[WhiteElo "2586"]
[BlackElo "1930"]
[Annotator "RC"]
[PlyCount "35"]
[EventDate "2019.09.15"]
[EventType "team-tourn"]
[EventCountry "CHN"]
[SourceTitle "playchess.com"]
[Source "ChessBase"]
[SourceQuality "1"]
[TimeControl "1500+10"]

1. d4 Nf6 2. Bg5 Ne4 3. Bf4 d5 4. e3 c5 5. Bd3 Qb6 6. Bxe4 Qxb2 7. Bxd5 Qxa1 8. Nf3 e6 9. Bb3 Qb2 10. Ne5 cxd4 11. Nd3 Qa1 12. O-O Nc6 13. c3 dxc3 14. Qc2 Nb4 15. Ba4+ Kd8 16. Qd1 c2 17. Bxc2 Nxc2 18. Be5 1-0

[Event "Shanghai COITCT 2019"]
[Site "Shanghai"]
[Date "2019.09.18"]
[Round "9.10"]
[White "Xu, Zhihang"]
[Black "Idani, Pouya"]
[Result "0-1"]
[ECO "E52"]
[WhiteElo "2506"]
[BlackElo "2586"]
[Annotator "RC"]
[PlyCount "78"]
[EventDate "2019.09.15"]
[EventType "team-tourn"]
[EventCountry "CHN"]
[SourceTitle "playchess.com"]
[Source "ChessBase"]
[SourceQuality "1"]
[TimeControl "1500+10"]

1. c4 e6 2. d4 Nf6 3. Nc3 Bb4 4. e3 O-O 5. Bd3 d5 6. Nf3 b6 7. O-O Ba6 8. Qe2 Nbd7 9. Bd2 Qe7 10. Rfd1 Rfe8 11. Rac1 c6 12. b3 Rad8 13. cxd5 Bxd3 14. Qxd3 exd5 15. Ne2 Bxd2 16. Rxd2 c5 17. dxc5 Nxc5 18. Qd4 h6 19. h3 Qb7 20. Rdc2 a5 21. Ng3 Re6 22. Rd1 Ree8 23. Nf5 Qc6 24. Qf4 Nfe4 25. N5d4 Qd7 26. a3 Rc8 27. Qf5 Qb7 28. b4 axb4 29. axb4 Nd6 30. Qf4 Nce4 31. Rdc1 Rc4 32. b5 Rec8 33. Nc6 Rc5 34. Rxc5 bxc5 35. Rxc5 Re8 36. Rxd5 Nxb5 37. Nfe5 Nbc3 38. Qh4 Nxd5 39. Qxe4 Qxc6 0-1

[Event "Shanghai COITCT 2019"]
[Site "Shanghai"]
[Date "2019.09.18"]
[Round "9.14"]
[White "Zhigalko, Sergei"]
[Black "Zairbek kyzy, Begimai"]
[Result "1-0"]
[ECO "B12"]
[WhiteElo "2574"]
[BlackElo "1989"]
[Annotator "RC"]
[PlyCount "47"]
[EventDate "2019.09.15"]
[EventType "team-tourn"]
[EventCountry "CHN"]
[SourceTitle "playchess.com"]
[Source "ChessBase"]
[SourceQuality "1"]
[TimeControl "1500+10"]

1. e4 c6 2. d4 d5 3. e5 Bf5 4. Nf3 e6 5. Be2 c5 6. Be3 Qb6 7. Nc3 Nc6 8. dxc5 Qxb2 9. Nb5 O-O-O 10. O-O Qxc2 11. Qe1 Qa4 12. Nfd4 Bg6 13. Qc3 Kd7 14. Nd6 Qa5 15. Qb2 Bxd6 16. cxd6 Qb4 17. Qxb4 Nxb4 18. Rab1 Bxb1 19. Rxb1 a5 20. a3 Nh6 21. axb4 axb4 22. Rc1 Ra8 23. Bb5+ Kd8 24. Bg5+ {[%emt 0:00:02] Ng8} 1-0